AoeStats
← MVU

Arabia

510255703Analyzed
1v1 RM · 9h ago on Sep 30, 2026· 66m 13s· 2 players
Game mode
Random Map
Map size
Tiny (2 player)
Population
200
Speed
Normal
Resources
Standard
Victory
Conquest
Starting age
Dark Age
Ending age
Imperial Age
RankedLock teamsTeams togetherTeam positionsShared explorationLock speedFull tech treeHidden civsTurbo modeCheats
Victory
Defeat
🇷🇺 Byzantines · Russia
871
+17
🇵🇪 Varangians · Peru
884
-34
MVU
2:31 Loom
7:10 Loom
9:15 Feudal Age
10:45 Double-Bit Axe
10:53 Man-at-Arms
12:41 Horse Collar
18:41 Wheelbarrow
19:08 Fletching
24:05 Castle Age
22:12 Gold Mining
22:54 Scale Barding Armor
24:23 Forging
24:08 Light Cavalry
25:13 Heavy Plow
28:59 Bow Saw
32:48 Husbandry
34:09 Iron Casting
35:26 Chain Barding Armor
37:11 Bodkin Arrow
37:50 Hand Cart
40:05 Squires
40:56 Scale Mail Armor
43:36 Imperial Age
43:20 Chain Mail Armor
44:41 Conscription
45:16 Plate Barding Armor
45:44 Hoardings
45:39 Capped Ram
47:08 Plate Mail Armor
47:55 Gold Mining
47:31 Elite Varangian Guard
47:45 Elite Varangian Guard
48:46 Guilds
51:45 Hussar
52:29 Pikeman
54:43 Murder Holes
54:34 Arrowslits
56:11 Ballistics
57:54 Chemistry
57:37 Heavy Camel Rider
60:07 Logistica
60:12 Arson
Woz
7:48 Loom
10:19 Feudal Age
11:42 Wheelbarrow
10:53 Town Watch
10:48 Man-at-Arms
11:27 Double-Bit Axe
12:17 Forging
20:41 Arson
21:40 Scale Mail Armor
30:05 Castle Age
28:17 Horse Collar
31:09 Bow Saw
31:02 Heavy Plow
30:25 Pikeman
31:06 Squires
33:14 Scale Barding Armor
36:21 Hand Cart
36:06 Town Patrol
37:39 Town Patrol
38:46 Gold Mining
40:07 Chain Mail Armor
40:28 Iron Casting
45:17 Fletching
50:15 Imperial Age
49:07 Husbandry
48:27 Light Cavalry
49:18 Bloodlines
50:53 Chain Barding Armor
51:16 Bodkin Arrow
55:32 Conscription
56:21 Stone Mining
58:37 Murder Holes
62:06 Ballistics
61:57 Treadmill Crane
66:10 Bodkin Arrow
66:47 Plate Mail Armor
67:17 Blast Furnace
Connection lost

Rejoining the realm…

Still unreachable

The connection could not be restored.

Session expired

The server has moved on; the page needs a fresh start.